 Dungeon Crawl Stone Soup version 0.32-a0-799-g95e1662365 (webtiles) character file.

Game seed: 2139253996916417109

31669 Orlauf the Spear-Bearer (level 13, -17/116 HPs)
             Began as a Demonspawn Gladiator on Mar 21, 2024.
             Was a Priest of Uskayaw.
             Killed from afar by a storm dragon (36 damage)
             ... with a bolt of lightning
             ... on level 13 of the Dungeon.
             The game lasted 00:21:24 (11255 turns).

Orlauf the Spear-Bearer (Demonspawn Gladiator)     Turns: 11255, Time: 00:21:25

Health: -17/116    AC: 19    Str: 19    XL:     13   Next: 27%
Magic:  22/22      EV: 11    Int:  9    God:    Uskayaw [***...]
Gold:   945        SH:  0    Dex: 15    Spells: 12/12 levels left

rFire   . . .        a - +1 trident (venom)
rCold   . . .        (no shield)
rNeg    . . .        h - +4 ring mail {Will+}
rPois   .            c - +0 helmet
rElec   .            D - +1 cloak {Stlth+}
rCorr   .            (gloves unavailable)
SInv    .            t - +0 pair of boots
Will    +....        z - amulet of regeneration
Stlth   ++           (no ring)
HPRegen 1.19/turn    (no ring)
MPRegen 0.18/turn

%: no passive effects
@: lethally poisoned (-17 -> -17)
A: rugged brown scales 3, demonic guardian 1, ignite blood 1, demonic touch 3
a: Renounce Religion, Stomp, Line Pass


You were on level 13 of the Dungeon.
You worshipped Uskayaw.
Uskayaw was pleased with you.
You visited 2 branches of the dungeon, and saw 14 of its levels.

You collected 945 gold pieces.

Inventory:

Hand Weapons
 a - a +1 trident of venom (weapon)
 b - the +6 shillelagh "Devastator" {shatter}
   (You found it on level 5 of the Dungeon)
 r - a +0 halberd
 y - a +3 halberd of freezing
 J - the +6 dagger of Ujofip {speed, rCorr Int-3 SInv Stlth+}
   (You found it on level 13 of the Dungeon)

   Int-3:     It affects your intelligence (-3).
   SInv:      It lets you see invisible.
   rCorr:     It protects you from acid and corrosion.
   Stlth+:    It makes you more stealthy.
Missiles
 d - a throwing net (quivered)
 e - a javelin
 m - 13 poisoned darts
 L - a curare-tipped dart
Armour
 c - a +0 helmet (worn)
 h - a +4 ring mail of willpower (worn)
 t - a +0 pair of boots (worn)
 D - a +1 cloak of stealth (worn)
 N - a +0 plate armour of positive energy
Jewellery
 f - an amulet of guardian spirit
 l - a ring of wizardry
 q - a ring of ice
 u - a ring of wizardry
 z - an amulet of regeneration (around neck)
Wands
 w - a wand of charming (12)
 A - a wand of roots (23)
 F - a wand of quicksilver (4)
 H - a wand of digging (4)
 I - a wand of polymorph (7)
Scrolls
 g - 3 scrolls of immolation
 o - 4 scrolls of vulnerability
 v - 4 scrolls of amnesia
 C - 6 scrolls of identify
 E - a scroll of enchant weapon
 G - 2 scrolls of butterflies
Potions
 j - 3 potions of enlightenment
 k - a potion of curing
 n - 3 potions of mutation
 p - 3 potions of brilliance
 s - 2 potions of resistance
 x - 2 potions of magic
 B - a potion of berserk rage


   Skills:
 + Level 12.6 Fighting
 * Level 12.8 Polearms
 - Level 1.7 Throwing
 + Level 9.3 Armour
 - Level 2.6 Dodging
 + Level 12.2 Invocations


You had 12 spell levels left.
You didn't know any spells.
Your spell library contained the following spells:

 Spells                   Type           Power      Damage    Failure   Level
 Apportation              Tloc           0%         N/A       54%         1
 Jinxbite                 Hex            0%         N/A       67%         2
 Frozen Ramparts          Ice            0%         1d1       88%         3
 Gell's Gravitas          Tloc           0%         N/A       88%         3
 Ozocubu's Armour         Ice            0%         N/A       88%         3
 Passwall                 Erth           0%         N/A       88%         3
 Teleport Other           Tloc           0%         N/A       88%         3
 Volatile Blastmotes      Fire/Tloc      0%         2d10      88%         3
 Alistair's Intoxication  Alch           0%         N/A       100%        5
 Metabolic Englaciation   Hex/Ice        0%         N/A       100%        5
 Bombard                  Conj/Erth      0%         9d1       100%        6
 Dispersal                Tloc           0%         N/A       100%        6


Dungeon Overview and Level Annotations

Branches:
Dungeon (13/15)            Temple (1/1) D:5            Lair (0/5) D:8
    Orc (0/2) D:10         Vaults (0/5) D:13

Altars:
Ashenzari
Cheibriados
Dithmenos
Fedhas
Gozag
Hepliaklqana
Kikubaaqudgha
Makhleb
Nemelex Xobeh
Okawaru
Qazlal
Ru
Sif Muna
Trog
Uskayaw
Vehumet
Wu Jian
Xom
Yredelemnul
Beogh

Shops:
D:10 (?   D:13 [

Portals:
Trove: D:12 (give 12 scrolls of teleportation)

Annotations:
D:9 3 runed translucent doors, growler's ghost, journeyman CoGl
Temple 2 transporters


Innate Abilities, Weirdness & Mutations

You are completely covered in rugged brown scales. (AC +3, +7% HP)
A weak demonic guardian rushes to your aid.
Your demonic aura sometimes causes spilled blood to erupt in flames.
Your touch may irresistibly damage your foes and sap their willpower.


Message History

The storm dragon bites you. The storm dragon claws you.
* * * LOW HITPOINT WARNING * * *
The storm dragon tramples you but does no damage.
Unknown command.
You hit the storm dragon but do no damage.
The storm dragon looks as sick as possible!
The storm dragon is lightly wounded.
You hit the storm dragon but do no damage.
You touch the storm dragon!!
You sap its willpower!
The storm dragon is moderately wounded.
The killer bee stings you.
* * * LOW HITPOINT WARNING * * *
You are poisoned.
The killer bee poisons you! The storm dragon bites you!
* * * LOW HITPOINT WARNING * * *
A demonic guardian appears!
The storm dragon closely misses you. The storm dragon tramples you.
* * * LOW HITPOINT WARNING * * *
You hold your ground!
The killer bee stings you but does no damage.
You hit the storm dragon but do no damage.
The storm dragon looks as sick as possible!
The storm dragon is moderately wounded.
You feel sick. The storm dragon barely misses you.
The storm dragon claws you but does no damage.
The storm dragon barely misses you. The killer bee barely misses you.
Unknown command.
You puncture the storm dragon!
The storm dragon looks as sick as possible!
You touch the storm dragon!
You sap its willpower!
The storm dragon is heavily wounded.
You feel sick.
Your quasit barely misses the storm dragon.
Your quasit completely misses the storm dragon.
Your quasit claws the storm dragon.
The killer bee stings you but does no damage.
The storm dragon breathes lightning at you.
The bolt of lightning hits you!!!
You die...
Your body falls in perfect tune with the rhythm.

#..# .#.. ##.##
... ##§.# ...
#.§.###.###
###§.##...
#...##)#
##§§§†.#
##..D§.##
#..5@...##
#...y†...##
#.........###
#...........#
#............
##....##......
##....#.?#.....
##....#.##.#....
#....#.## #.C.


You could see a storm dragon (extremely poisoned, catching breath, weak-willed,
ally target), a killer bee and a friendly quasit (summoned).

Vanquished Creatures
  5 vault guards (D:13)
  A hydra (D:13)
  4 centaur warriors (D:13)
  A boulder beetle (D:11)
  A tengu warrior (D:13)
  5 two-headed ogres
  A deep elf pyromancer (D:13)
  3 ugly things
  5 manticores
  A meliai (shapeshifter) (D:13)
  2 meliai (D:13)
  3 orange demons (D:13)
  A gargoyle (D:10)
  3 unseen horrors
  3 komodo dragons
  4 unseen horror zombies (D:9)
  5 trolls
  A hornet (D:10)
  3 shadows
  15 yaks
  7 wraiths
  3 wyverns
  3 basilisks
  7 humans (D:13)
  3 steam dragons
  2 vampire mosquitoes (D:12)
  2 acid dragons
  A water moccasin (D:8)
  A sky beast (D:7)
  6 orc warriors
  3 ice beasts
  5 centaurs
  2 phantoms (D:5)
  A kobold brigand (D:11)
  2 bullfrogs
  10 scorpions
  6 wights (D:9)
  23 killer bees
  An electric eel (D:9)
  5 howler monkeys
  3 centaur zombies (D:9)
  11 jellies
  2 bombardier beetles
  5 orc priests
  5 sleepcaps
  7 hounds
  2 gnoll boudas
  4 iguanas
  Jessica (D:3)
  11 orc wizards
  A killer bee zombie (D:9)
  A howler monkey zombie (D:9)
  7 adders
  16 gnolls
  A shadow imp (D:5)
  A white imp (D:5)
  3 dart slugs
  45 orcs
  2 ball pythons (D:2)
  18 endoplasms
  4 giant cockroaches
  6 goblins
  3 hobgoblins
  3 quokkas
  4 bats
  11 kobolds
  5 rats
342 creatures vanquished.

Vanquished Creatures (collateral kills)
  A slime creature (D:7)
  A killer bee (D:13)
2 creatures vanquished.

Vanquished Creatures (others)
  An orc (D:8)
1 creature vanquished.

Grand Total: 345 creatures vanquished

Notes
Turn   | Place    | Note
-------+----------+-------------------------------------------
     0 | D:1      | Orlauf the Demonspawn Gladiator began the quest for the
                  | Orb.
     0 | D:1      | Reached XP level 1. HP: 16/16 MP: 1/1
   178 | D:1      | Gained mutation: You are partially covered in rugged brown
                  | scales. (AC +1, +3% HP) [demonic ancestry]
   178 | D:1      | Reached XP level 2. HP: 16/22 MP: 2/2
   756 | D:2      | Gained mutation: You are mostly covered in rugged brown
                  | scales. (AC +2, +5% HP) [demonic ancestry]
   756 | D:2      | Reached XP level 3. HP: 23/29 MP: 3/3
  1285 | D:2      | Gained mutation: Your touch may inflict minor irresistible
                  | damage on your foes. [demonic ancestry]
  1285 | D:2      | Reached XP level 4. HP: 36/36 MP: 4/4
  1731 | D:3      | Reached XP level 5. HP: 43/43 MP: 5/5
  1990 | D:3      | Found a faded altar of an unknown god.
  2155 | D:3      | Noticed Jessica
  2166 | D:3      | Killed Jessica
  2575 | D:4      | Reached skill level 5 in Polearms
  2632 | D:4      | Reached XP level 6. HP: 43/50 MP: 6/6
  3128 | D:5      | Entered Level 5 of the Dungeon
  3146 | D:5      | Reached skill level 1 in Armour
  3232 | D:5      | Gained mutation: A weak demonic guardian rushes to your
                  | aid. [demonic ancestry]
  3232 | D:5      | Reached XP level 7. HP: 44/57 MP: 7/7
  3237 | D:5      | Reached skill level 5 in Fighting
  3432 | D:5      | Found the +6 shillelagh "Devastator" {shatter}
  3552 | D:5      | Found a staircase to the Ecumenical Temple.
  3561 | Temple   | Found a transporter.
  3561 | Temple   | Found a transporter.
  3561 | Temple   | Found a transporter.
  3561 | Temple   | Found a transporter.
  3561 | Temple   | Entered the Ecumenical Temple
  3581 | Temple   | Became a worshipper of Uskayaw the Reveller
  3675 | D:6      | Reached * piety under Uskayaw
  3681 | D:6      | Reached ** piety under Uskayaw
  3683 | D:6      | Reached *** piety under Uskayaw
  3776 | D:6      | Noticed a steam dragon
  3782 | D:6      | Killed a steam dragon
  3783 | D:6      | Reached skill level 1 in Invocations
  3783 | D:6      | Gained mutation: Your touch may inflict irresistible damage
                  | on your foes. [demonic ancestry]
  3783 | D:6      | Reached XP level 8. HP: 58/68 MP: 7/9
  4209 | D:6      | Reached **** piety under Uskayaw
  4869 | D:7      | Reached ***** piety under Uskayaw
  4874 | D:7      | Reached ****** piety under Uskayaw
  4987 | D:7      | Found a sacrificial altar of Ru.
  5043 | D:7      | Reached XP level 9. HP: 40/77 MP: 10/12
  5498 | D:7      | Reached skill level 5 in Invocations
  5769 | D:7      | Identified the +1 ring mail of the Stonemason {rF+ rN+}
  6459 | D:8      | Noticed a komodo dragon
  6469 | D:8      | Killed a komodo dragon
  6470 | D:8      | Reached skill level 5 in Armour
  6586 | D:8      | Gained mutation: You are completely covered in rugged brown
                  | scales. (AC +3, +7% HP) [demonic ancestry]
  6586 | D:8      | Reached XP level 10. HP: 62/88 MP: 14/14
  6674 | D:8      | Found a staircase to the Lair.
  7575 | D:9      | Reached skill level 10 in Fighting
  7703 | D:9      | Found a runed translucent gate.
  7703 | D:9      | Found a runed translucent gate.
  7703 | D:9      | Found a runed translucent gate.
  7733 | D:9      | Noticed growler's ghost (journeyman CoGl)
  7784 | D:9      | Found a stormy altar of Qazlal.
  7785 | D:9      | Found an ancient bone altar of Kikubaaqudgha.
  8012 | D:9      | Reached XP level 11. HP: 48/98 MP: 17/17
  8235 | D:9      | Identified the +10 plate armour of Feysaora {-Tele *Slow
                  | Str+2 Dex+3}
  8337 | D:9      | Found a roughly hewn altar of Beogh.
  8382 | D:10     | Entered Level 10 of the Dungeon
  8467 | D:10     | Found Dunoeg's Magic Scroll Shop.
  8689 | D:10     | Found Wumaff's Weapon Shop.
  8689 | D:10     | Found a staircase to the Orcish Mines.
  8822 | D:10     | Paralysed by a hornet for 2 turns
  8881 | D:10     | Found a basalt altar of Yredelemnul.
  9042 | D:11     | Noticed a boulder beetle
  9052 | D:11     | Noticed a two-headed ogre
  9062 | D:11     | Killed a boulder beetle
  9069 | D:11     | Killed a two-headed ogre
  9070 | D:11     | Reached skill level 10 in Polearms
  9169 | D:11     | Noticed a two-headed ogre
  9181 | D:11     | Killed a two-headed ogre
  9825 | D:12     | Reached skill level 10 in Invocations
  9879 | D:12     | Found a portal to a secret trove of treasure.
  9935 | D:12     | Noticed a two-headed ogre
  9946 | D:12     | Killed a two-headed ogre
  9948 | D:12     | Gained mutation: Your demonic aura sometimes causes spilled
                  | blood to erupt in flames. [demonic ancestry]
  9948 | D:12     | Reached XP level 12. HP: 64/107 MP: 19/19
 10616 | D:13     | Identified the +6 dagger of Ujofip {speed, rCorr Int-3 SInv
                  | Stlth+}
 10707 | D:13     | Found Gajuaby's Antique Armour Shop.
 10761 | D:13     | Noticed a two-headed ogre
 10762 | D:13     | Noticed a tengu warrior
 10766 | D:13     | Killed a two-headed ogre
 10773 | D:13     | Noticed a vault guard
 10775 | D:13     | Killed a tengu warrior
 10784 | D:13     | Killed a vault guard
 10785 | D:13     | Noticed a vault guard
 10792 | D:13     | Killed a vault guard
 10815 | D:13     | Noticed a vault guard
 10821 | D:13     | Killed a vault guard
 10869 | D:13     | Noticed a vault guard
 10886 | D:13     | Killed a vault guard
 10929 | D:13     | Found a gate to the Vaults.
 10949 | D:13     | Noticed a vault guard
 10960 | D:13     | Killed a vault guard
 11108 | D:13     | Noticed a four-headed hydra
 11115 | D:13     | Killed a four-headed hydra
 11115 | D:13     | Noticed a centaur warrior
 11116 | D:13     | Gained mutation: Your touch may irresistibly damage your
                  | foes and sap their willpower. [demonic ancestry]
 11116 | D:13     | Reached XP level 13. HP: 110/116 MP: 21/21
 11230 | D:13     | Noticed a storm dragon
 11255 | D:13     | Killed from afar by a storm dragon

Illustrated notes

Levels and vault maps discovered:
D:1:      tarquinn_simple_flora_water_c, layout_loops_ring
D:2:      layout_basic
D:3:      layout_loops_ring, dreamdust_ecumenical_altar_sealed_demon,
          skrybe_limestone_x, grunt_decor_mini_mirrors, chequers_big_river,
          uniq_jessica
D:4:      layout_basic
D:5:      layout_gridville, minmay_temple_entry_enclosed_plants,
          kennysheep_small_circle
D:6:      layout_loops_corners, hangedman_abyss_or_decor_stabs
D:7:      lemuel_slime, layout_basic, mainiacjoe_overflow_surrounded_room,
          serial_aquarium, aquarium_bridge_square [aquarium_subvault_bridge,
          aquarium_subvault_window, aquarium_subvault_balcony,
          aquarium_subvault_bridge], aquarium_bridge_long_joined
          [aquarium_subvault_wall, aquarium_subvault_window,
          aquarium_subvault_bridge, aquarium_subvault_wall,
          aquarium_subvault_window, aquarium_subvault_balcony],
          aquarium_window_1, aquarium_window_double, aquarium_window_1,
          aquarium_window_1, aquarium_view_2d, aquarium_pool_corner,
          lemuel_flamethrower_1
D:8:      layout_basic, erik_lair_dragon
D:9:      layout_roguey, chequers_temple_overflow_statue_of_worship,
          serial_undead, serial_undead_f, serial_undead_a, serial_undead_e,
          serial_undead_f, serial_undead_b, serial_undead_e, serial_undead_f,
          serial_undead_d, biasface_ghost_orc_armoury
D:10:     layout_big_octagon, kennysheep_ying_yang, orc_david_3, serial_shops,
          nicolae_shop_pleasant_corner_grove
D:11:     layout_irregular_city
D:12:     layout_basic, nicolae_trove_entry_crossroad
D:13:     regret_index_bee_streams, layout_rooms, ximxim_vaults_locker_room,
          serial_shops, shop, einodemon_barbed_minivault
Temple:   hellmonk_temple_divided_pantheon

Skill      XL: |  1  2  3  4  5  6  7  8  9 10 11 12 13 |
---------------+----------------------------------------+-----
Polearms       | 3 4 5 6 7 9 10 12 | 12.8
Fighting       | 3 4 6 7 9 10 11 12 | 12.6
Armour         | 1 2 4 5 6 7 9 |  9.3
Invocations    | 1 4 6 8 10 11 12 | 12.2
Throwing       | |  1.7
Dodging        | |  2.6

Action                     |  1- 3 |  4- 6 |  7- 9 | 10-12 | 13-15 || total
---------------------------+-------+-------+-------+-------+-------++-------
  Melee: Trident           |   101 |   111 |   176 |   651 |    81 ||  1120
         Touch             |       |    15 |    46 |   112 |    14 ||   187
         Shillelagh        |       |       |    52 |       |       ||    52
  Throw: Throwing net      |       |       |     1 |     1 |     1 ||     3
         Dart              |       |       |     4 |     2 |       ||     6
         Javelin           |       |       |     1 |       |       ||     1
  Evoke: Wand              |       |       |       |     2 |       ||     2
    Use: Scroll            |     4 |     3 |     4 |    10 |     1 ||    22
         Potion            |       |       |     3 |     1 |     5 ||     9
   Stab: Sleeping          |     3 |       |       |     2 |       ||     5
         Paralysed         |       |       |    10 |    39 |     1 ||    50
         Distracted        |       |       |     1 |     1 |       ||     2
         Held in net/web   |       |       |       |     2 |     3 ||     5
 Armour: Leather armour    |    35 |     4 |       |       |       ||    39
         Ring mail         |       |    52 |   199 |   490 |   102 ||   843
  Dodge: Dodged            |    54 |    59 |   112 |   266 |    70 ||   561

Table legend: (Time is in decaauts)
 A = Elapsed time spent in this place.
 B = Non-inter-level travel time spent in this place.
 C = Inter-level travel time spent in this place.
 D = Time resting spent in this place.
 E = Time spent auto-exploring this place.
 F = Levels seen in this place.
 G = Mean time per level.
                   A        B        C        D        E       F      G
               +--------+--------+--------+--------+--------+-----+--------+
         Total |  11160 |  10807 |    353 |    859 |   7830 |  14 |  797.1 |
       Dungeon |  11124 |  10771 |    353 |    859 |   7830 |  13 |  855.7 |
        Temple |     36 |     36 |      0 |      0 |      0 |   1 |   36.0 |
               +--------+--------+--------+--------+--------+-----+--------+

Top non-repeatable levels by time:
     D:7: 1488 daAuts
     D:8: 1278 daAuts
     D:6: 1142 daAuts
     D:3: 912 daAuts
     D:1: 880 daAuts
    D:13: 831 daAuts
     D:2: 805 daAuts
     D:9: 802 daAuts
    D:11: 729 daAuts
    D:12: 656 daAuts
     D:4: 559 daAuts
    D:10: 547 daAuts
     D:5: 490 daAuts
  Temple: 36 daAuts
